TOP OF THE 1ST |
Erie Jaxx batting - Pitching for Bemidji Benders : RHP Cristián Torres
|
Pitching: RHP Cristián Torres
|
|
Batting: RHB Richard Bankhead
|
0-0: Ball 1-0: Called Strike 1-1: Swinging Strike 1-2: TRIPLE (Flyball, 9LM)
|
Batting: LHB Don Hull
|
0-0: Called Strike 0-1: Ball 1-1: Foul Ball, location: 2F 1-2: Ball 2-2: Fly out, F7 (Flyball, 78M) Runner from 3rd tags up, SCORES, no throw
|
Batting: SHB Keith Shaffer
|
0-0: Called Strike 0-1: Foul Ball, location: 2F 0-2: Ball 1-2: Fly out, F7 (Flyball, 78D)
|
Batting: SHB Pedro Martínez
|
0-0: Called Strike 0-1: Ball 1-1: Ball 2-1: Ball 3-1: Base on Balls
|
Batting: RHB Tim Hanson
|
0-0: Ball 1-0: Ball 2-0: Ball Pedro Martínez steals 2nd base 3-0: Base on Balls
|
Batting: SHB Héctor Barajas
|
0-0: Ball 1-0: Ball 2-0: Foul Ball, location: 2F 2-1: Fielders Choice at 2nd, 5-4 (Groundball, 56)
|
Top of the 1st over - 1 run(s), 1 hit(s), 0 error(s), 1 left on base; Erie 1 - Bemidji 0 |
BOTTOM OF THE 1ST |
Bemidji Benders batting - Pitching for Erie Jaxx : RHP Manny Pérez
|
Pitching: RHP Manny Pérez
|
|
Batting: RHB António López
|
0-0: Foul Ball, location: 2F 0-1: Swinging Strike 0-2: Foul Ball, location: 2F 0-2: Strikes out swinging
|
Batting: LHB Pedro Cerda
|
0-0: Called Strike 0-1: Ball 1-1: Ball 2-1: Foul Ball, location: 2F 2-2: Ball 3-2: Base on Balls
|
Batting: LHB Willie Wallace
|
0-0: Ball 1-0: Fielders Choice at 2nd, 6-4 (Groundball, 6)
|
Batting: SHB Rob Grun
|
0-0: Called Strike Willie Wallace steals 2nd base 0-1: Ball 1-1: Ball 2-1: Ball 3-1: Base on Balls
|
Batting: RHB Alfredo López
|
0-0: Ball 1-0: Ball 2-0: Ball 3-0: Base on Balls Willie Wallace to third Rob Grun to second
|
Batting: SHB Edgardo Osorio
|
0-0: Foul Ball, location: 2F 0-1: Ball 1-1: Foul Ball, location: 2F 1-2: Foul Ball, location: 2F 1-2: Foul Ball, location: 2F 1-2: Foul Ball, location: 2F 1-2: Strikes out swinging
|
Bottom of the 1st over - 0 run(s), 0 hit(s), 0 error(s), 3 left on base; Erie 1 - Bemidji 0 |
TOP OF THE 2ND |
Erie Jaxx batting - Pitching for Bemidji Benders : RHP Cristián Torres
|
Batting: RHB Luis Alou
|
0-0: Ball 1-0: Foul Ball, location: 2F 1-1: Ground out 1-3 (Groundball, 13S)
|
Batting: RHB Bo Vickers
|
0-0: Called Strike 0-1: Ground out 6-3 (Groundball, 6)
|
Batting: RHB Raúl Ruíz
|
0-0: Ground out 3-1 (Groundball, 34)
|
Top of the 2nd over - 0 run(s), 0 hit(s), 0 error(s), 0 left on base; Erie 1 - Bemidji 0 |
BOTTOM OF THE 2ND |
Bemidji Benders batting - Pitching for Erie Jaxx : RHP Manny Pérez
|
Batting: RHB Juan Costello
|
0-0: Swinging Strike 0-1: Ball 1-1: Ball 2-1: Foul Ball, location: 2F 2-2: Foul Ball, location: 2F 2-2: Strikes out looking
|
Batting: RHB Claudio Souza
|
0-0: Ball 1-0: DOUBLE (Flyball, 89XD)
|
Batting: RHB Roberto Solís
|
0-0: Ball 1-0: Ball 2-0: Called Strike 2-1: Reached on error, E5 (Groundball, 56S) Claudio Souza scores
|
Batting: RHB António López
|
0-0: DOUBLE (Groundball, 5L) Roberto Solís scores
|
Batting: LHB Pedro Cerda
|
0-0: Ball 1-0: Ball 2-0: Called Strike 2-1: Ground out 1-3 (Groundball, 15S)
|
Batting: LHB Willie Wallace
|
0-0: Swinging Strike 0-1: Called Strike 0-2: Ball 1-2: Foul Ball, location: 2F 1-2: 2-RUN HOME RUN (Flyball, 9D), Distance : 349 ft
|
Batting: SHB Rob Grun
|
0-0: Called Strike 0-1: Ball 1-1: Foul Ball, location: 2F 1-2: Ground out 1-3 (Groundball, 13)
|
Bottom of the 2nd over - 4 run(s), 3 hit(s), 1 error(s), 0 left on base; Erie 1 - Bemidji 4 |
TOP OF THE 3RD |
Erie Jaxx batting - Pitching for Bemidji Benders : RHP Cristián Torres
|
Batting: RHB Richard Bankhead
|
0-0: SINGLE (Groundball, 56D) (infield hit)
|
Batting: LHB Don Hull
|
0-0: Ball Richard Bankhead steals 2nd base 1-0: Ball 2-0: Called Strike 2-1: DOUBLE (Line Drive, 7LS) Richard Bankhead scores
|
Batting: SHB Keith Shaffer
|
0-0: Ball 1-0: Ball 2-0: Called Strike 2-1: Ball 3-1: Base on Balls
|
Batting: SHB Pedro Martínez
|
0-0: SINGLE (Groundball, 56D) Don Hull to third Keith Shaffer to second
|
Batting: RHB Tim Hanson
|
0-0: Swinging Strike 0-1: Fly out, F4 (Popup, 34D)
|
Batting: SHB Héctor Barajas
|
0-0: Called Strike 0-1: Swinging Strike 0-2: Ground out 4-3 (Groundball, 13) Don Hull scores Keith Shaffer to third Pedro Martínez to second
|
Batting: RHB Luis Alou
|
0-0: Ground out 5-3 (Groundball, 56S)
|
Top of the 3rd over - 2 run(s), 3 hit(s), 0 error(s), 2 left on base; Erie 3 - Bemidji 4 |
BOTTOM OF THE 3RD |
Bemidji Benders batting - Pitching for Erie Jaxx : RHP Manny Pérez
|
Batting: RHB Alfredo López
|
0-0: Ball 1-0: DOUBLE (Popup, 9LS)
|
Batting: SHB Edgardo Osorio
|
0-0: Foul Ball, location: 2F 0-1: Foul Ball, location: 2F 0-2: Ball 1-2: Foul Ball, location: 2F 1-2: Ball 2-2: Fly out, F6 (Popup, 6S)
|
Batting: RHB Juan Costello
|
0-0: Ball 1-0: Foul Ball, location: 2F 1-1: Ground out 5-3 (Groundball, 56S) Alfredo López to third
|
Batting: RHB Claudio Souza
|
0-0: Called Strike 0-1: Swinging Strike 0-2: Ball 1-2: Strikes out swinging
|
Bottom of the 3rd over - 0 run(s), 1 hit(s), 0 error(s), 1 left on base; Erie 3 - Bemidji 4 |
TOP OF THE 4TH |
Erie Jaxx batting - Pitching for Bemidji Benders : RHP Cristián Torres
|
Batting: RHB Bo Vickers
|
0-0: Called Strike 0-1: Ball 1-1: Ball 2-1: Called Strike 2-2: Foul Ball, location: 2F 2-2: Strikes out swinging
|
Batting: RHB Raúl Ruíz
|
0-0: Called Strike 0-1: Foul Ball, location: 2F 0-2: Strikes out swinging
|
Batting: RHB Richard Bankhead
|
0-0: Called Strike 0-1: Foul Ball, location: 2F 0-2: SINGLE (Popup, 89M)
|
Batting: LHB Don Hull
|
0-0: Ball 1-0: Called Strike Richard Bankhead steals 2nd base 1-1: Ball 2-1: Fly out, F5 (Popup, 5SF)
|
Top of the 4th over - 0 run(s), 1 hit(s), 0 error(s), 1 left on base; Erie 3 - Bemidji 4 |
BOTTOM OF THE 4TH |
Bemidji Benders batting - Pitching for Erie Jaxx : RHP Manny Pérez
|
Batting: RHB Roberto Solís
|
0-0: Foul Ball, location: 2F 0-1: Ball 1-1: Ball 2-1: Foul Ball, location: 2F 2-2: Foul Ball, location: 2F 2-2: SINGLE (Groundball, 56D)
|
Batting: RHB António López
|
0-0: Swinging Strike 0-1: Fly out, F9 (Flyball, 89M)
|
Batting: LHB Pedro Cerda
|
0-0: Fielders Choice at 2nd, 4-6 (Groundball, 4)
|
Batting: LHB Willie Wallace
|
0-0: Ball 1-0: Called Strike 1-1: Ball 2-1: Foul Ball, location: 2F 2-2: Strikes out swinging
|
Bottom of the 4th over - 0 run(s), 1 hit(s), 0 error(s), 1 left on base; Erie 3 - Bemidji 4 |
TOP OF THE 5TH |
Erie Jaxx batting - Pitching for Bemidji Benders : RHP Cristián Torres
|
Batting: SHB Keith Shaffer
|
0-0: Foul Ball, location: 2F 0-1: Ball 1-1: Ball 2-1: Swinging Strike 2-2: Foul Ball, location: 2F 2-2: Foul Ball, location: 2F 2-2: Ground out 6-3 (Groundball, 6)
|
Batting: SHB Pedro Martínez
|
0-0: DOUBLE (Line Drive, 78M)
|
Batting: RHB Tim Hanson
|
0-0: Called Strike Pedro Martínez steals 3rd base 0-1: Ball 1-1: Ball 2-1: Ground out 6-3 (Groundball, 6M) Pedro Martínez scores
|
Batting: SHB Héctor Barajas
|
0-0: Called Strike 0-1: Swinging Strike 0-2: Ball 1-2: Strikes out looking
|
Top of the 5th over - 1 run(s), 1 hit(s), 0 error(s), 0 left on base; Erie 4 - Bemidji 4 |
BOTTOM OF THE 5TH |
Bemidji Benders batting - Pitching for Erie Jaxx : RHP Manny Pérez
|
Pitching: RHP Barry Garner
|
|
Batting: SHB Rob Grun
|
0-0: Ball 1-0: Called Strike 1-1: Swinging Strike 1-2: Foul Ball, location: 2F 1-2: Ball 2-2: SINGLE (Line Drive, 89M)
|
Batting: RHB Alfredo López
|
0-0: Ball 1-0: Ball 2-0: Called Strike 2-1: Ball 3-1: Swinging Strike 3-2: Base on Balls Rob Grun to second
|
Batting: SHB Edgardo Osorio
|
0-0: Ball 1-0: Ball Single, Error in OF, E9, batter to second base Rob Grun scores Alfredo López to third
|
Batting: RHB Juan Costello
|
0-0: Ground out 4-3 (Groundball, 4M)
|
Batting: RHB Claudio Souza
|
0-0: Ball 1-0: Ball 2-0: Ball 3-0: Called Strike 3-1: Fly out, F8 (Flyball, 8LD) Runner from 3rd tags up, SCORES, no throw Edgardo Osorio to third
|
Batting: RHB Roberto Solís
|
0-0: Ball 1-0: Ball 2-0: Called Strike 2-1: SINGLE (Line Drive, 56D) Edgardo Osorio scores
|
Batting: RHB António López
|
0-0: Ball 1-0: Ball 2-0: Ball 3-0: Base on Balls Roberto Solís to second
|
Batting: LHB Pedro Cerda
|
0-0: SINGLE (Groundball, 6D) Roberto Solís to third António López to second Runner from 3rd tries for Home, SAFE, no throw or cutoff
|
Pitching: LHP Mike Baker
|
|
Batting: LHB Willie Wallace
|
0-0: SINGLE (Line Drive, 6M) António López to third Pedro Cerda to second Runner from 3rd tries for Home, SAFE, no throw or cutoff
|
Batting: SHB Rob Grun
|
0-0: Swinging Strike 0-1: DOUBLE (Groundball, 5L) Pedro Cerda scores Willie Wallace to third Runner from 3rd tries for Home, SAFE, no throw or cutoff
|
Batting: RHB Alfredo López
|
0-0: Called Strike 0-1: Ball 1-1: Foul Ball, location: 2F 1-2: Foul Ball, location: 2F 1-2: Foul Ball, location: 2F 1-2: Ball 2-2: Strikes out swinging
|
Bottom of the 5th over - 7 run(s), 6 hit(s), 1 error(s), 1 left on base; Erie 4 - Bemidji 11 |
TOP OF THE 6TH |
Erie Jaxx batting - Pitching for Bemidji Benders : RHP Cristián Torres
|
Batting: RHB Luis Alou
|
0-0: Swinging Strike 0-1: Ball 1-1: SINGLE (Line Drive, 7LS)
|
Batting: RHB Bo Vickers
|
0-0: Fly out, F9 (Flyball, 89S)
|
Pitching: LHP José Escalona
|
|
Batting: RHB Raúl Ruíz
|
0-0: Called Strike 0-1: SINGLE (Groundball, 3D) Luis Alou to second Runner from 2nd tries for 3rd, SAFE, no throw or cutoff
|
Batting: RHB Richard Bankhead
|
0-0: Ball 1-0: Foul Ball, location: 2F 1-1: Foul Ball, location: 2F 1-2: Foul Ball, location: 2F 1-2: Ball 2-2: Foul Ball, location: 2F 2-2: Ball 3-2: Strikes out swinging
|
Batting: LHB Don Hull
|
0-0: Ball 1-0: Ball 2-0: SINGLE (Groundball, 56D) (infield hit) Luis Alou scores Raúl Ruíz to second
|
Batting: SHB Keith Shaffer
|
0-0: Ball 1-0: Ball 2-0: Called Strike 2-1: Foul Ball, location: 2F 2-2: Foul Ball, location: 2F 2-2: Strikes out swinging
|
Top of the 6th over - 1 run(s), 3 hit(s), 0 error(s), 2 left on base; Erie 5 - Bemidji 11 |
BOTTOM OF THE 6TH |
Bemidji Benders batting - Pitching for Erie Jaxx : LHP Mike Baker
|
Batting: SHB Edgardo Osorio
|
0-0: Ground out 5-3 (Groundball, 5)
|
Batting: RHB Juan Costello
|
0-0: Foul Ball, location: 2F 0-1: Ball 1-1: Called Strike 1-2: Ball 2-2: Ground out 1-3 (Groundball, 13S)
|
Batting: RHB Claudio Souza
|
0-0: Ball 1-0: Called Strike 1-1: Fly out, F9 (Flyball, 9M)
|
Bottom of the 6th over - 0 run(s), 0 hit(s), 0 error(s), 0 left on base; Erie 5 - Bemidji 11 |
TOP OF THE 7TH |
Erie Jaxx batting - Pitching for Bemidji Benders : LHP José Escalona
|
Batting: SHB Pedro Martínez
|
0-0: Called Strike 0-1: Foul Ball, location: 2F 0-2: Strikes out swinging
|
Batting: RHB Tim Hanson
|
0-0: Ground out 5-3 (Groundball, 56)
|
Batting: SHB Héctor Barajas
|
0-0: Called Strike 0-1: Foul Ball, location: 2F 0-2: Ball 1-2: Strikes out swinging
|
Top of the 7th over - 0 run(s), 0 hit(s), 0 error(s), 0 left on base; Erie 5 - Bemidji 11 |
BOTTOM OF THE 7TH |
Bemidji Benders batting - Pitching for Erie Jaxx : LHP Mike Baker
|
Batting: RHB Roberto Solís
|
0-0: SINGLE (Line Drive, 7S)
|
Batting: RHB António López
|
0-0: Ball 1-0: Ball 2-0: Fly out, F3 (Popup, 3SF)
|
Batting: LHB Pedro Cerda
|
0-0: Ball 1-0: Ball 2-0: Ball 3-0: Called Strike 3-1: Base on Balls Roberto Solís to second
|
Batting: LHB Willie Wallace
|
0-0: Called Strike 0-1: Ball 1-1: Fielders Choice at 2nd, 4-6 (Groundball, 34) Roberto Solís to third
|
Batting: SHB Rob Grun
|
0-0: Swinging Strike 0-1: Hit by Pitch Willie Wallace to second
|
Batting: RHB Alfredo López
|
0-0: Ball 1-0: Ball 2-0: Fly out, F4 (Popup, 4D)
|
Bottom of the 7th over - 0 run(s), 1 hit(s), 0 error(s), 3 left on base; Erie 5 - Bemidji 11 |
TOP OF THE 8TH |
Erie Jaxx batting - Pitching for Bemidji Benders : LHP José Escalona
|
Now in CF: António Aguilar
|
|
Batting: RHB Luis Alou
|
0-0: DOUBLE (Line Drive, 7LM)
|
Batting: RHB Bo Vickers
|
0-0: Foul Ball, location: 2F 0-1: Called Strike 0-2: Fly out, F4 (Popup, 4)
|
Pitching: LHP António Martínez
|
|
Batting: RHB Raúl Ruíz
|
0-0: Swinging Strike 0-1: Ball 1-1: Ball 2-1: Ball 3-1: Base on Balls
|
Batting: RHB Richard Bankhead
|
0-0: Grounds into double play, 4-6-3 (Groundball, 4)
|
Top of the 8th over - 0 run(s), 1 hit(s), 0 error(s), 1 left on base; Erie 5 - Bemidji 11 |
BOTTOM OF THE 8TH |
Bemidji Benders batting - Pitching for Erie Jaxx : LHP Mike Baker
|
Pitching: LHP Dexter Browning
|
|
Batting: SHB Edgardo Osorio
|
0-0: Fly out, F8 (Flyball, 89M)
|
Batting: RHB Juan Costello
|
0-0: Ball 1-0: Foul Ball, location: 2F 1-1: Fly out, F3 (Popup, 3F)
|
Batting: RHB Claudio Souza
|
0-0: Ball 1-0: Called Strike 1-1: Ball 2-1: Ground out 6-3 (Groundball, 6)
|
Bottom of the 8th over - 0 run(s), 0 hit(s), 0 error(s), 0 left on base; Erie 5 - Bemidji 11 |
TOP OF THE 9TH |
Erie Jaxx batting - Pitching for Bemidji Benders : LHP António Martínez
|
Now at SS: Júlio Sánchez
|
|
Now in RF: José Cruz
|
|
Batting: LHB Don Hull
|
0-0: Called Strike 0-1: SINGLE (Groundball, 3L)
|
Batting: SHB Keith Shaffer
|
0-0: Ball 1-0: Ball 2-0: SINGLE (Groundball, 34D) Don Hull to second Runner from 2nd tries for 3rd, OUT!
|
Batting: SHB Pedro Martínez
|
0-0: Swinging Strike 0-1: Fly out, F8 (Flyball, 8LM)
|
Batting: RHB Tim Hanson
|
0-0: Ball 1-0: Called Strike 1-1: Swinging Strike 1-2: Ball 2-2: Strikes out swinging
|
Top of the 9th over - 0 run(s), 2 hit(s), 0 error(s), 1 left on base; Erie 5 - Bemidji 11 |
|